 Dungeon Crawl Stone Soup version 0.29-a0-23-ga79f92ac9c (webtiles) character file.

Game seed: 18274131902411567609

1547 HallandMoats the Skirmisher (level 8, -5/58 HPs)
             Began as an Octopode Fighter on Jan 31, 2022.
             Was an Initiate of Qazlal.
             Slain by a yak (13 damage)
             ... on level 4 of the Dungeon.
             The game lasted 00:07:26 (6360 turns).

HallandMoats the Skirmisher (Octopode Fighter)      Turns: 6360, Time: 00:07:27

Health: -5/58      AC:  1    Str: 15    XL:     8   Next: 87%
Magic:  10/10      EV: 13    Int: 10    God:    Qazlal [......]
Gold:   182        SH: 11    Dex: 14    Spells: 7/7 levels left

rFire   . . .      SeeInvis .   a - +0 spear
rCold   . . .      Faith    .   j - +2 kite shield
rNeg    . . .      Spirit   .   (helmet restricted)
rPois   .          Reflect  .   (no amulet)
rElec   .          Harm     .   n - ring of willpower
rCorr   .          Rampage  .   (no ring)
Will    +....                   (no ring)
Stlth   ++........              (no ring)
HPRegen 0.19/turn               (no ring)
MPRegen 0.12/turn               (no ring)
                                (no ring)
                                (no ring)

@: studying Bows
A: almost no armour, amphibious, 8 rings, camouflage 1, gelatinous body 1,
(nimble swimmer 1), tentacles
a: Renounce Religion


You were on level 4 of the Dungeon.
You worshipped Qazlal.
Qazlal was noncommittal.
You visited 2 branches of the dungeon, and saw 7 of its levels.

You collected 182 gold pieces.

Inventory:

Hand Weapons
 a - a +0 spear (weapon)
Armour
 j - a +2 kite shield (worn)
Jewellery
 n - a ring of willpower (left tentacle)
Scrolls
 f - a scroll of teleportation
 g - a scroll of blinking {unknown}
 i - a scroll of amnesia {unknown}
 o - a scroll of magic mapping {unknown}
Potions
 b - a potion of ambrosia {unknown}
 c - 2 potions of magic {unknown}
 d - a potion of flight {unknown}
 e - a potion of invisibility {unknown}
 h - 2 potions of cancellation {unknown}
 k - 2 potions of mutation {unknown}
 l - a potion of heal wounds {unknown}
 m - a potion of brilliance {unknown}
 q - a potion of haste {unknown}
 r - a potion of curing {unknown}
Miscellaneous
 p - a phial of floods


   Skills:
 * Level 6.7 Fighting
 * Level 6.2 Polearms
 + Level 5.1 Dodging
 + Level 5.1 Shields
 * Level 2.7 Invocations


You had 7 spell levels left.
You didn't know any spells.
Your spell library contained the following spells:

 Spells                   Type           Power      Damage    Failure   Level
 Corpse Rot               Necr/Air       0%         N/A       85%         2
 Poisonous Vapours        Pois/Air       0%         N/A       85%         2
 Scorch                   Fire           0%         2d5       85%         2
 Flame Wave               Conj/Fire      0%         2d4       100%        4
 Summon Cactus Giant      Summ           0%         N/A       100%        6


Dungeon Overview and Level Annotations

Branches:
Dungeon (6/15)             Temple (1/1) D:4

Altars:
Elyvilon
Kikubaaqudgha
Nemelex Xobeh
Okawaru
Qazlal
Ru
Sif Muna
Trog
Uskayaw
Vehumet
Wu Jian
Xom
Yredelemnul
Zin
The Shining One


Innate Abilities, Weirdness & Mutations

You cannot wear most types of armour.
You are amphibious.
You can wear up to eight rings at the same time.
Your skin changes colour to match your surroundings (Stealth+).
Your rubbery body absorbs attacks. (AC +1, EV +1)
((You are camouflaged when in or above water. (Stealth+)))
You have tentacles for arms and can constrict up to eight enemies at once.


Message History

You hit the yak but do no damage. The yak gores you.
You barely miss the yak. The yak completely misses you.
You hit the yak but do no damage. The yak gores you!
You hit the yak.
The yak is lightly wounded.
The yak gores you.
You hit the yak.
The yak is moderately wounded.
You closely miss the yak. You squeeze the yak.
The yak is moderately wounded.
You block the yak's attack.
You barely miss the yak.
The yak is moderately wounded.
The yak gores you!
You hit the yak.
The yak is moderately wounded.
You block the yak's attack.
You hit the yak.
The yak is heavily wounded.
You block the yak's attack.
You hit the yak.
The yak is heavily wounded.
The yak closely misses you.
You hit the yak. Your squeeze misses the yak.
The yak is heavily wounded.
The yak gores you!
You closely miss the yak. You squeeze the yak.
The yak is heavily wounded.
The yak gores you!
* * * LOW HITPOINT WARNING * * *
You hit the yak.
The yak is heavily wounded.
The yak closely misses you.
You barely miss the yak. You squeeze the yak!
The yak is severely wounded.
The yak barely misses you.
You hit the yak but do no damage.
The yak is severely wounded.
The yak gores you!
You die...

#........##.####.# #.#
#####.#.###.####>########.#
#.#.# #.............#.#
#.#.# ###....######.#.#
#.#.# #.##.######.#.# #.#.#
#.##.##........ #.#.#
#.##.##.......#
#.#.#####.##.##.......#
#....Y@...............#
#########.#####.......# #.#
#.......# #.#####.......#
#......).......
###########....
############.....
#................
#.##########...##


You could see a yak.

Vanquished Creatures
  A yak (D:5)
  Edmund (D:6)
  Menkaure (D:6)
  A black bear (D:6)
  2 necrophages
  An ogre (D:4)
  A phantom (D:5)
  2 bullfrogs
  A scorpion (D:5)
  A wight (D:4)
  A jelly (D:6)
  A hound (D:5)
  2 centaur skeletons
  A centaur zombie (D:6)
  2 orc priests (D:3)
  4 iguanas
  Terence (D:2)
  A hound zombie (D:4)
  A howler monkey zombie (D:5)
  4 adders
  3 gnolls (D:6)
  A dart slug (D:2)
  5 orcs
  8 endoplasms
  2 giant cockroaches
  7 goblins
  3 hobgoblins
  12 jackals
  7 quokkas
  5 ball pythons
  A bat (D:1)
  8 frilled lizards
  7 kobolds
  4 rats (D:1)
103 creatures vanquished.

Notes
Turn   | Place    | Note
-------+----------+-------------------------------------------
     0 | D:1      | HallandMoats the Octopode Fighter began the quest for the
                  | Orb.
     0 | D:1      | Reached XP level 1. HP: 16/16 MP: 1/1
    41 | D:1      | Reached XP level 2. HP: 19/21 MP: 2/2
   539 | D:2      | Reached XP level 3. HP: 10/26 MP: 3/3
   974 | D:2      | Found a faded altar of an unknown god.
  1066 | D:2      | Noticed Terence
  1075 | D:2      | Killed Terence
  1076 | D:2      | Reached XP level 4. HP: 23/33 MP: 4/4
  1798 | D:3      | You fall into a shaft and drop 3 floors!
  1953 | D:6      | Noticed a black bear
  1995 | D:6      | Reached XP level 5. HP: 9/37 MP: 5/5
  2261 | D:6      | Killed a black bear
  2356 | D:6      | Noticed a water moccasin
  2381 | D:6      | Reached XP level 6. HP: 30/44 MP: 6/6
  2494 | D:6      | Noticed Edmund
  2507 | D:6      | Killed Edmund
  2508 | D:6      | Reached skill level 5 in Fighting
  2508 | D:6      | Reached XP level 7. HP: 40/50 MP: 7/7
  2819 | D:6      | Noticed Menkaure
  2841 | D:6      | Killed Menkaure
  2842 | D:6      | Reached skill level 5 in Polearms
  3101 | D:5      | Entered Level 5 of the Dungeon
  3272 | D:5      | Noticed a yak
  3272 | D:5      | Noticed a yak
  3383 | D:3      | Found a white marble altar of Elyvilon.
  3857 | D:4      | Reached XP level 8. HP: 51/57 MP: 8/8
  3909 | D:4      | Found a staircase to the Ecumenical Temple.
  3955 | Temple   | Entered the Ecumenical Temple
  4443 | Temple   | Became a worshipper of Qazlal Stormbringer
  5080 | D:4      | Reached skill level 1 in Invocations
  5486 | D:5      | Noticed a yak
  5488 | D:5      | Noticed a yak
  5488 | D:5      | Noticed a yak
  5506 | D:5      | Killed a yak
  5507 | D:5      | Reached skill level 5 in Dodging
  5507 | D:5      | Reached skill level 5 in Shields
  6324 | D:5      | Noticed a yak
  6324 | D:5      | Noticed a yak
  6360 | D:4      | Slain by a yak

Illustrated notes

Levels and vault maps discovered:
D:1:      wander_arrival_lonely_grave, layout_rooms, minmay_pentomino_t2
D:2:      minmay_alternating_diamond, layout_basic,
          ebering_ecumenical_altar_webs, uniq_terence
D:3:      layout_basic, old_standard_altar
D:4:      minmay_clustersquares, layout_loops_ring, minmay_temple_entry_tees
D:5:      layout_cave_pods, serial_column_ruins, column_ruins_hut,
          column_ruins_open_tiny, column_ruins_open_small, column_ruins_grid_2,
          column_ruins_open_large, column_ruins_grid_3, column_ruins_open_tiny,
          column_ruins_grid_1, grunt_ministairs_11, serial_park_tiny_1
D:6:      layout_basic, uniq_edmund, uniq_menkaure
Temple:   eino_temple_water

Skill      XL: |  1  2  3  4  5  6  7  8 |
---------------+-------------------------+-----
Polearms       | 3 4 5 6 |  6.2
Fighting       | 4 5 6 |  6.7
Shields        | 4 5 |  5.1
Dodging        | 4 5 |  5.1
Invocations    | 2 |  2.7

Action                   |  1- 3 |  4- 6 |  7- 9 || total
-------------------------+-------+-------+-------++-------
Melee: Trident           |    74 |    55 |    71 ||   200
       Constrict         |    16 |    12 |    28 ||    56
       Tentacles         |    10 |    12 |    47 ||    69
       Punch             |       |       |     6 ||     6
       Spear             |       |       |   126 ||   126
  Use: Scroll            |       |     4 |     1 ||     5
       Potion            |       |     1 |       ||     1
 Stab: Sleeping          |     3 |     2 |     8 ||    13
       Distracted        |       |       |     1 ||     1
Armor: Skin              |     4 |     1 |     7 ||    12
Dodge: Dodged            |    28 |    36 |    53 ||   117
Block: Buckler           |     9 |    12 |     1 ||    22
       Kite shield       |       |       |    75 ||    75

Table legend: (Time is in decaauts)
 A = Elapsed time spent in this place.
 B = Non-inter-level travel time spent in this place.
 C = Inter-level travel time spent in this place.
 D = Time resting spent in this place.
 E = Time spent auto-exploring this place.
 F = Levels seen in this place.
 G = Mean time per level.
                   A        B        C        D        E       F      G
               +--------+--------+--------+--------+--------+-----+--------+
         Total |   6398 |   6239 |    159 |   1147 |   3978 |   7 |  914.0 |
       Dungeon |   5899 |   5750 |    149 |   1147 |   3546 |   6 |  983.2 |
        Temple |    498 |    488 |     10 |      0 |    432 |   1 |  498.0 |
               +--------+--------+--------+--------+--------+-----+--------+

Top non-repeatable levels by time:
     D:6: 1309 daAuts
     D:4: 1229 daAuts
     D:2: 1085 daAuts
     D:5: 1081 daAuts
     D:1: 732 daAuts
  Temple: 498 daAuts
     D:3: 460 daAuts
